 Dungeon Crawl Stone Soup version 0.17-a0-1716-gdf19ebb (webtiles) character file.

110 Bulldog the Ruffian (level 4, 0/44 HPs)
             Began as a Troll Monk on Aug 24, 2015.
             Slain by an orc
             ... wielding a +0 hand axe
              (4 damage)
             ... on level 3 of the Dungeon.
             The game lasted 00:06:39 (1779 turns).

Bulldog the Ruffian (Troll Monk)                    Turns: 1779, Time: 00:06:39

Health: 0/44       AC:  5    Str: 23      XL:     4   Next: 61%
Magic:  3/3        EV: 10    Int:  6      God:
Gold:   57         SH:  0    Dex:  8 (12) Spells: 0 memorised, 3 levels left

rFire  . . .     SeeInvis .       - Unarmed
rCold  . . .     Clarity  .     a - +0 robe
rNeg   . . .     SustAt   .     (no shield)
rPois  .         Gourm    +     (helmet restricted)
rElec  .         Spirit   .     (no cloak)
rCorr  .         Warding  .     (gloves unavailable)
rMut   .         Stasis   .     (boots unavailable)
MR     .....                    (no amulet)
Stlth  +.........               (no ring)
                                h - +3 ring of strength

@: not resistant to hostile enchantments, very unstealthy
A: unfitting armour, claws 3, fast metabolism 3, gourmand, regeneration 2,
shaggy fur 1, tough skin 2
a: no special abilities


You were on level 3 of the Dungeon.
You were very full.

You visited 1 branch of the dungeon, and saw 3 of its levels.

You collected 57 gold pieces.

Inventory:

Missiles
 i - 72 stones (quivered)
Armour
 a - a +0 robe (worn)
Jewellery
 h - a +3 ring of strength (left claw)
Magical devices
 n - a wand of polymorph (5)
Scrolls
 c - a scroll of random uselessness {unknown}
 f - a scroll of enchant armour {unknown}
 j - a scroll of teleportation
 k - a scroll of remove curse
 l - a scroll of magic mapping {unknown}
 r - a scroll of blinking {unknown}
Potions
 d - a potion of degeneration
 g - a potion of curing
 p - a potion of heal wounds {unknown}
 q - a potion of haste {unknown}
Comestibles
 b - 2 bread rations
 m - a beef jerky


   Skills:
 + Level 2.9 Fighting
 + Level 3.4 Dodging
 - Level 1.1 Stealth
 * Level 4.8 Unarmed Combat


You had 3 spell levels left.
You didn't know any spells.

Dungeon Overview and Level Annotations

Branches:
Dungeon (3/15)

Altars:
Sif Muna


Innate Abilities, Weirdness & Mutations

You are too large for most types of armour.
You have claws for hands.
Your metabolism is lightning-fast.
You like to eat raw meat.
You heal very quickly.
You are covered in fur (AC +1).
You have very tough skin (AC +2).


Message History

* * * LOW HITPOINT WARNING * * *
You are too injured to fight recklessly!
You are too injured to fight recklessly!
You are too injured to fight recklessly!
You closely miss the orc wizard.
The orc wizard is moderately wounded.
You mangle the orc!!
You kill the orc!
The orc wizard gestures at you while chanting.
The puff of frost hits you!
* * * LOW HITPOINT WARNING * * *
You closely miss the orc wizard.
The orc wizard is moderately wounded.
You closely miss the orc wizard.
The orc wizard is moderately wounded.
The orc wizard completely misses you.
You closely miss the orc wizard.
The orc wizard is moderately wounded.
The orc hits you with a hand axe.
You die...

#.# #.## #..#
#..# #..# #..#
#########.)#
.....ooo#..#####
######@#<.....#
...........###.#
..........<....#
.#######.#..####
......# ###.##.#
#.# ... .# ..#
##. .# #.# . .#


You could see an orc wizard and 2 orcs.

Vanquished Creatures
  An orc wizard (D:3)
  An ooze (D:2)
  A worm (D:2)
  2 giant geckos
  5 orcs (D:3)
  9 bats
  3 giant cockroaches
  9 goblins
  8 hobgoblins
  A quokka (D:2)
  A ball python (D:3)
  3 giant newts
  2 jackals (D:2)
  14 kobolds
  7 rats
67 creatures vanquished.

Notes
Turn   | Place    | Note
--------------------------------------------------------------
     0 | D:1      | Bulldog the Troll Monk began the quest for the Orb.
     0 | D:1      | Reached XP level 1. HP: 22/22 MP: 0/0
   171 | D:1      | Reached XP level 2. HP: 27/29 MP: 1/1
   666 | D:1      | Reached XP level 3. HP: 36/36 MP: 2/2
  1101 | D:2      | Found a deep blue altar of Sif Muna.
  1671 | D:3      | Reached XP level 4. HP: 39/44 MP: 3/3
  1779 | D:3      | Slain by an orc

Vault maps used:
D:1:      tarquinn_simple_flora_water_a, serial_glass, glass_columns_a,
          glass_columns_c
D:2:      lemuel_round_altar
D:3:      overflow_temple_1_default, due_unseen_surprise

Action                   |  1- 3 |  4- 6 || total
-------------------------+-------+-------++-------
Melee: Unarmed           |   138 |    23 ||   161
Throw: Stone             |    17 |       ||    17
  Use: Potion            |     4 |       ||     4
       Scroll            |       |     2 ||     2
 Stab: Sleeping          |     2 |       ||     2
  Eat: Chunk             |     9 |     6 ||    15
       Bread ration      |     1 |       ||     1
